 Dungeon Crawl Stone Soup version 0.31-a0-636-ge1c0e020e0 (webtiles) character file.

Game seed: 17925518548824651828

136 Ijustatesigmund the Trooper (level 5, -1/34 HPs)
             Began as a Gargoyle Fighter on Aug 26, 2023.
             Slain by a water moccasin (2 damage)
             ... on level 3 of the Dungeon.
             The game lasted 00:03:19 (2794 turns).

Ijustatesigmund the Trooper (Gargoyle Fighter)      Turns: 2794, Time: 00:03:20

Health: -1/34      AC: 13    Str: 22    XL:     5   Next: 19%
Magic:  5/5        EV:  9    Int:  8    God:
Gold:   110        SH:  5    Dex:  9    Spells: 4/4 levels left

rFire   . . .        a - +0 flail
rCold   . . .        c - +1 buckler
rNeg    + . .        b - +0 scale mail
rPois   ∞            (no helmet)
rElec   +            (no cloak)
rCorr   .            (no gloves)
SInv    .            g - +1 pair of boots
Will    .....        (no amulet) Stlth
                     (no ring)
HPRegen 0.25/turn    (no ring)
MPRegen 0.09/turn

%: no passive effects
@: mighty, brilliant
A: sickness immunity, AC +4, negative energy resistance 1, electricity
resistance, torment resistance 1, petrification resistance
a: no special abilities


You were on level 3 of the Dungeon.
You visited 1 branch of the dungeon, and saw 4 of its levels.

You collected 110 gold pieces.

Inventory:

Hand Weapons
 a - a +0 flail (weapon)
Armour
 b - a +0 scale mail (worn)
 c - a +1 buckler (worn)
 g - a +1 pair of boots (worn)
Jewellery
 i - a +5 ring of evasion
Scrolls
 f - a scroll of poison {unknown}
 h - 3 scrolls of identify
 m - a scroll of noise {unknown}
Potions
 e - a potion of curing


   Skills:
 + Level 4.8 Fighting
 + Level 3.7 Maces & Flails
 + Level 3.7 Armour
 - Level 3.2 Shields


You had 4 spell levels left.
You didn't know any spells.
Your spell library contained the following spells:

 Spells                   Type           Power      Damage    Failure   Level
 Shock                    Conj/Air       0%         1d3       80%         1


Dungeon Overview and Level Annotations

Branches:
Dungeon (4/15)
 Temple: D:4-7

Altars:
Dithmenos


Innate Abilities, Weirdness & Mutations

You are immune to sickness and miasma.
Your stone body is resilient. (AC +4)
You are immune to poison.
You resist negative energy. (rN+)
You are resistant to electric shocks. (rElec)
You are resistant to unholy torment.
You are immune to petrification.


Message History

You barely miss the hound. The hound bites you but does no damage.
The water moccasin barely misses you. You block the hound's attack.
You block the water moccasin's attack.
You barely miss the hound. The hound bites you but does no damage.
The water moccasin misses you. You block the hound's attack.
The water moccasin bites you!
You hit the hound but do no damage. The hound bites you but does no damage.
The water moccasin bites you! The hound barely misses you.
The water moccasin bites you.
* * * LOW HITPOINT WARNING * * *
You sock the hound!
The hound is almost dead.
The hound bites you but does no damage.
The water moccasin bites you but does no damage.
You block the hound's attack.
You barely miss the hound.
The hound is almost dead.
The water moccasin bites you but does no damage.
The hound bites you but does no damage. You block the water moccasin's attack.
The hound bites you but does no damage.
You completely miss the hound.
The hound is almost dead.
The water moccasin bites you.
* * * LOW HITPOINT WARNING * * *
The hound completely misses you.
The water moccasin bites you but does no damage.
You sock the hound!
You kill the hound!
The water moccasin bites you but does no damage.
You have reached level 5!
It was a potion of brilliance.
You feel clever all of a sudden. You block the water moccasin's attack.
The water moccasin bites you but does no damage.
You hit the water moccasin but do no damage.
The water moccasin bites you!
* * * LOW HITPOINT WARNING * * *
The water moccasin barely misses you.
You barely miss the water moccasin. The water moccasin bites you.
You die...

#......#.#....##..#
#####...#.##...#..##
##...#P........##
##...##^.#.....# ##
#..)..........# .#
#..##..#......# .#
##.###......(## .#
#.# ###.#.### .# #.#
#.#@# .#######.##
#.#S#
......#...####.#.#
#####...#.†....#.#
###...######.# ##.##
#.# #.# #.# #.# #.#
##.# #.#


You could see a water moccasin.

Vanquished Creatures
  A hound (D:3)
  A gnoll (D:1)
  3 adders
  A worm (D:2)
  A dart slug (D:1)
  7 ball pythons
  5 bats
  8 endoplasms
  3 giant cockroaches
  9 goblins
  3 hobgoblins
  5 quokkas
  3 frilled lizards
  5 kobolds
  4 rats
59 creatures vanquished.

Notes
Turn   | Place    | Note
-------+----------+-------------------------------------------
     0 | D:1      | Ijustatesigmund the Gargoyle Fighter began the quest for
                  | the Orb.
     0 | D:1      | Reached XP level 1. HP: 14/14 MP: 1/1
    49 | D:1      | Reached XP level 2. HP: 19/19 MP: 2/2
   554 | D:1      | Reached XP level 3. HP: 24/24 MP: 3/3
   589 | D:1      | Reached skill level 4 in Fighting
  1135 | D:2      | Found a shadowy altar of Dithmenos.
  1172 | D:2      | Reached XP level 4. HP: 29/30 MP: 4/4
  2088 | D:3      | Found a faded altar of an unknown god.
  2101 | D:3      | Got Plato's Vellum of Nephomancy
  2765 | D:4      | Noticed a water moccasin
  2792 | D:3      | Reached XP level 5. HP: 7/34 MP: 5/5
  2793 | D:3      | HP: 1/34 [water moccasin (7)]
  2794 | D:3      | Slain by a water moccasin

Illustrated notes

Levels and vault maps discovered:
D:1:      mrwooster_arrival_statue, layout_basic, hex_intersection,
          serial_bayou_pond_c
D:2:      wad_pebble_path, layout_basic, basic_altar
D:3:      layout_loops_ring, shapermc_ecumenical_altar_rom_forum
D:4:      layout_rooms, kennysheep_doodads

Skill      XL: |  1  2  3 |
---------------+----------+-----
Fighting       | 4 |  4.8
Maces & Flails | 3 |  3.7
Armour         | |  3.7
Shields        | |  3.2

Action                     |  1- 3 |  4- 6 || total
---------------------------+-------+-------++-------
  Melee: Flail             |   109 |   116 ||   225
    Use: Potion            |       |     6 ||     6
         Scroll            |       |     3 ||     3
 Armour: Scale mail        |    77 |    76 ||   153
  Dodge: Dodged            |    46 |    53 ||    99
  Block: Buckler           |    20 |    30 ||    50

Table legend: (Time is in decaauts)
 A = Elapsed time spent in this place.
 B = Non-inter-level travel time spent in this place.
 C = Inter-level travel time spent in this place.
 D = Time resting spent in this place.
 E = Time spent auto-exploring this place.
 F = Levels seen in this place.
 G = Mean time per level.
                   A        B        C        D        E       F      G
               +--------+--------+--------+--------+--------+-----+--------+
         Total |   2863 |   2790 |     73 |    377 |   1905 |   4 |  715.8 |
       Dungeon |   2863 |   2790 |     73 |    377 |   1905 |   4 |  715.8 |
               +--------+--------+--------+--------+--------+-----+--------+

Top non-repeatable levels by time:
     D:1: 1115 daAuts
     D:2: 945 daAuts
     D:3: 796 daAuts
     D:4: 5 daAuts
